 Dungeon Crawl Stone Soup version 0.29.1-15-g9cfb28693d (webtiles) character file.

Game seed: 13136820617069868347

1399 javelincjr the Magician (level 8, -2/87 HPs)
             Began as a Demonspawn Hedge Wizard on Mar 28, 2023.
             Slain by a gnoll
             ... wielding a +0 flail
             ... led by a gnoll bouda
              (4 damage)
             ... on level 6 of the Dungeon.
             The game lasted 00:22:03 (7134 turns).

javelincjr the Magician (Demonspawn Hedge Wizard)   Turns: 7134, Time: 00:22:04

Health: -2/87      AC: 24    Str: 12    XL:     8   Next: 41%
Magic:  6/14       EV:  2    Int: 16    God:
Gold:   282        SH:  4    Dex: 13    Spells: 9/15 levels left

rFire   + . .      SeeInvis .   e - +0 short sword (elec)
rCold   . . .      Faith    .   (no shield)
rNeg    . . .      Spirit   .   (body armour currently unavailable)
rPois   +          Reflect  .   (helmet currently unavailable)
rElec   .          Harm     .   (cloak currently unavailable)
rCorr   .          Rampage  .   (gloves currently unavailable)
Will    .....      NoTele   +   (boots currently unavailable)
Stlth   ++........              (no amulet)
HPRegen 0.24/turn               u - ring of fire
MPRegen 0.14/turn               D - ring of protection from cold

@: tree-form, studying Armour
A: stationary, stasis, torment immunity, boosted hp, (antennae 2), (sharp scales
1), condensation shield
a: no special abilities


You were on level 6 of the Dungeon.
You were a tree.
You visited 2 branches of the dungeon, and saw 7 of its levels.

You collected 282 gold pieces.

Inventory:

Hand Weapons
 e - a +0 short sword of electrocution (weapon)
Missiles
 y - a throwing net
Armour
 b - a +0 robe (melded)
 c - a +0 hat
 i - a +0 cloak (melded)
 z - a +1 hat (melded)
Jewellery
 u - a ring of fire (left branch)
 D - a ring of protection from cold (right branch)
Wands
 s - a wand of charming (11)
Scrolls
 k - a scroll of magic mapping
 l - 2 scrolls of noise {unknown}
 o - 2 scrolls of butterflies {unknown}
 r - a scroll of immolation {unknown}
 t - a scroll of amnesia {unknown}
 v - a scroll of identify
 w - a scroll of brand weapon {unknown}
 x - 4 scrolls of teleportation {unknown}
 A - 2 scrolls of torment {unknown}
 B - a scroll of vulnerability {unknown}
 C - a scroll of fear {unknown}
Potions
 a - a potion of heal wounds {unknown}
 d - a potion of magic
 f - 4 potions of curing
 g - 3 potions of lignification
 h - a potion of resistance {unknown}
 j - a potion of might {unknown}
 m - a potion of flight {unknown}
 n - 2 potions of mutation {unknown}
 p - a potion of ambrosia {unknown}
 q - a potion of attraction {unknown}


   Skills:
 + Level 3.3 Fighting
 + Level 3.0 Short Blades
 + Level 3.1 Armour
 + Level 3.7 Dodging
 - Level 1.8 Stealth
 + Level 4.4 Spellcasting
 + Level 3.5 Conjurations
 + Level 3.7 Summonings
 + Level 3.2 Translocations


You had 9 spell levels left.
You knew the following spells:

 Your Spells              Type           Power      Damage    Failure   Level
a - Magic Dart            Conj           60%        1d6       3%          1
b - Call Imp              Summ           15%        N/A       5%          2
c - Foxfire               Conj/Fire      52%        2x1d6     8%          1
d - Blink                 Tloc           26%        N/A       6%          2

Your spell library contained the following spells:

 Spells                   Type           Power      Damage    Failure   Level
 Summon Small Mammal      Summ           60%        N/A       3%          1
 Call Canine Familiar     Summ           15%        N/A       11%         3
 Slow                     Hex            12%        N/A       16%         1
 Summon Guardian Golem    Hex/Summ       9%         N/A       22%         3
 Scorch                   Fire           10%        2d6       24%         2
 Conjure Flame            Conj/Fire      13%        6-21      24%         3
 Mephitic Cloud           Conj/Pois/Air  7%         N/A       30%         3
 Inner Flame              Hex/Fire       5%         N/A       43%         3
 Flame Wave               Conj/Fire      13%        2d6       61%         4
 Summon Cactus Giant      Summ           7%         N/A       99%         6


Dungeon Overview and Level Annotations

Branches:
Dungeon (6/15)             Temple (1/1) D:4

Altars:
Ashenzari
Dithmenos
Fedhas
Gozag
Hepliaklqana
Makhleb
Nemelex Xobeh
Okawaru
Qazlal
Trog
Uskayaw
Wu Jian

Shops:
D:5 ?


Innate Abilities, Weirdness & Mutations

You are a tree.
Your roots penetrate the ground, keeping you stationary.
You cannot be teleported.
You are immune to unholy pain and torment.
Your maximum health is greatly increased.
Your equipment is partially melded.
((You have a pair of antennae on your head.))
((You are partially covered in razor-sharp scales. (AC +1, Slay +1)))
A meltable shield of frost defends you. (SH +4)


Message History

The foxfire hits the gnoll.
You kill the gnoll!
Casting: Foxfire (safe; 8% risk of failure)
Confirm with . or Enter, or press ? or * to list all spells.
You feel a surge of power!
You conjure some foxfire!
The foxfire hits the gnoll.
The gnoll is lightly wounded.
The foxfire hits the gnoll.
The gnoll is lightly wounded.
The gnoll barely misses you.
You barely miss the gnoll.
The gnoll is lightly wounded.
The gnoll closely misses you.
Casting: Foxfire (safe; 8% risk of failure)
Confirm with . or Enter, or press ? or * to list all spells.
You feel a surge of power!
You conjure some foxfire!
Your attacks no longer feel as feeble.
The gnoll hits you with a +0 flail!
* * * LOW HITPOINT WARNING * * *
You hit the gnoll.
The gnoll is moderately wounded.
The gnoll is no longer moving quickly.
The foxfire hits the gnoll.
The gnoll is heavily wounded.
The gnoll hits you with a +0 flail!
* * * LOW HITPOINT WARNING * * *
Really quaff the potion of lignification?
You turn into a tree.
Your +0 cloak melds into your body.
Your +1 hat melds into your body.
Your +0 robe melds into your body.
Your roots penetrate the ground.
The gnoll hits you but does no damage.
You hit the gnoll but do no damage.
The gnoll is heavily wounded.
The gnoll hits you with a +0 flail.
* * * LOW HITPOINT WARNING * * *
You closely miss the gnoll.
The gnoll is heavily wounded.
The gnoll barely misses you.
You hit the gnoll.
The gnoll is severely wounded.
The gnoll hits you with a +0 flail.
You die...

#..# ####.# .. #.##).
... ####....# ...#
###....†### ....##
####........#
#...######...###.....##
#..##v..#####.......#
#..♣#### ##.......#
#.g## #......... #)##
##......... ##)#
#.......... #.##
#.......... #.#
#.......... ##.#
##......... #.##
##......## #.......#
##..####


You could see a gnoll (ally target).

Vanquished Creatures
  Grinder (D:5)
  An ice beast (D:5)
  A centaur (D:4)
  3 phantoms
  4 necrophages (D:5)
  A scorpion (D:5)
  A bullfrog zombie (D:5)
  3 hounds
  A gnoll bouda (D:6)
  A hound zombie (D:5)
  6 gnolls
  8 adders
  A shadow imp (D:5)
  A white imp (D:5)
  2 ufetubi
  A worm (D:3)
  4 dart slugs
  5 ball pythons
  5 bats
  5 endoplasms
  10 hobgoblins
  4 jackals (D:2)
  6 kobolds
  2 quokkas
  2 frilled lizards (D:1)
  12 goblins
  2 rats
93 creatures vanquished.

Vanquished Creatures (collateral kills)
  A necrophage (D:5)
  A bullfrog zombie (D:5)
  A foxfire (D:5)
3 creatures vanquished.

Vanquished Creatures (others)
  A bush (D:5)
  304 foxfires
  13 plants (D:5)
318 creatures vanquished.

Grand Total: 414 creatures vanquished

Notes
Turn   | Place    | Note
-------+----------+-------------------------------------------
     0 | D:1      | javelincjr the Demonspawn Hedge Wizard began the quest for
                  | the Orb.
     0 | D:1      | Reached XP level 1. HP: 13/13 MP: 4/4
   149 | D:1      | Reached skill level 1 in Translocations
   314 | D:1      | You fall into a shaft and drop 1 floor!
   647 | D:1      | Gained mutation: You are partially covered in razor-sharp
                  | scales. (AC +1, Slay +1) [demonic ancestry]
   647 | D:1      | Reached XP level 2. HP: 19/19 MP: 1/6
   861 | D:1      | Found a faded altar of an unknown god.
  1365 | D:2      | Reached XP level 3. HP: 25/25 MP: 2/7
  1766 | D:2      | Learned a level 2 spell: Call Imp
  2739 | D:3      | Gained mutation: A meltable shield of frost defends you.
                  | (SH +4) [demonic ancestry]
  2739 | D:3      | Reached XP level 4. HP: 25/31 MP: 2/8
  2868 | D:3      | Reached skill level 1 in Short Blades
  3119 | D:3      | Learned a level 1 spell: Foxfire
  3122 | D:3      | Learned a level 2 spell: Blink
  3382 | D:4      | Reached skill level 1 in Fighting
  3382 | D:4      | Reached skill level 1 in Armour
  3538 | D:4      | Found a staircase to the Ecumenical Temple.
  3630 | Temple   | Entered the Ecumenical Temple
  4006 | D:4      | Found an iron altar of Okawaru.
  4057 | D:4      | Reached XP level 5. HP: 37/37 MP: 6/10
  4103 | D:4      | Noticed a phantom
  4115 | D:4      | Killed a phantom
  4190 | D:4      | Noticed a phantom
  4203 | D:4      | Killed a phantom
  4204 | D:4      | Gained mutation: You have a pair of small antennae on your
                  | head. [demonic ancestry]
  4204 | D:4      | Reached XP level 6. HP: 37/44 MP: 0/11
  4918 | D:5      | Entered Level 5 of the Dungeon
  4969 | D:5      | Noticed an ice beast
  4975 | D:5      | Killed an ice beast
  4976 | D:5      | Reached XP level 7. HP: 50/50 MP: 6/12
  5024 | D:5      | Noticed Grinder
  5040 | D:5      | Paralysed by Grinder for 2 turns
  5051 | D:5      | Killed Grinder
  5259 | D:5      | Reached skill level 4 in Spellcasting
  5689 | D:5      | Found a blossoming altar of Fedhas.
  5808 | D:5      | Found Noypic's Magic Scroll Boutique.
  6380 | D:5      | Gained mutation: You have a pair of antennae on your head.
                  | [demonic ancestry]
  6380 | D:5      | Reached XP level 8. HP: 58/58 MP: 11/14
  6987 | D:6      | Found a sparkling altar of Nemelex Xobeh.
  7130 | D:6      | HP: 1/58 [gnoll/+0 flail[a gnoll bouda] (10)]
  7134 | D:6      | Slain by a gnoll

Illustrated notes

Levels and vault maps discovered:
D:1:      zelgadis_glass_arrival_small, layout_basic, basic_ecumenical_altar
D:2:      layout_basic
D:3:      layout_rooms
D:4:      layout_loops_ring, okawaru_gym_becter, minmay_temple_entry_glass
D:5:      layout_loops_cross, fedhas_altar_decomposition, serial_shops, shop,
          uniq_grinder
D:6:      layout_cave_pods, nemelex_spade_bored_becter, minmay_joined_circles
Temple:   nicolae_temple_bog_church

Skill      XL: |  1  2  3  4  5  6  7  8 |
---------------+-------------------------+-----
Translocations | 1 2 3 |  3.2
Dodging        | 2 3 |  3.7
Short Blades   | 1 2 3 |  3.0
Fighting       | 1 2 3 |  3.3
Armour         | 1 2 3 |  3.1
Summonings     | 2 3 |  3.7
Conjurations   | 2 3 |  3.5
Spellcasting   | 4 |  4.4
Stealth        | |  1.8

Action                   |  1- 3 |  4- 6 |  7- 9 || total
-------------------------+-------+-------+-------++-------
Melee: Short sword       |    71 |    45 |    62 ||   178
       Punch             |     1 |       |       ||     1
 Cast: Magic Dart        |    56 |     7 |       ||    63
       Foxfire           |       |    72 |   103 ||   175
       Call Imp          |       |     1 |     6 ||     7
  Use: Scroll            |       |     3 |       ||     3
       Potion            |       |       |     1 ||     1
 Stab: Sleeping          |     2 |       |       ||     2
Armor: Robe              |    26 |    19 |    19 ||    64
       Skin              |       |       |     1 ||     1
Dodge: Dodged            |    78 |    46 |    67 ||   191
Block: Other             |       |     9 |    13 ||    22
